 Dungeon Sprint DCSS version 0.17.1-3-g152610e (webtiles) character file.

448 1100001001 the Unseen (level 6, 10/30 HPs)
             Began as a Spriggan Assassin on Mar 24, 2016.
             Was an Initiate of Dithmenos.
             Quit the game in the Dungeon (Sprint I: "Red Sonja").
             The game lasted 00:01:18 (171 turns).

1100001001 the Unseen (Spriggan Assassin)            Turns: 171, Time: 00:01:18

Health: 10/30      AC:  3    Str:  7    XL:     6   Next: 73%
Magic:  7/7        EV: 17    Int: 12    God:    Dithmenos [......]
Gold:   108        SH:  0    Dex: 20    Spells: 0 memorised, 5 levels left

rFire  . . .     SeeInvis +     a - +2 dagger
rCold  . . .     Clarity  .     c - +0 robe
rNeg   . . .     SustAt   .     (shield restricted)
rPois  .         Gourm    .     (helmet restricted)
rElec  .         Spirit   .     d - +0 cloak
rCorr  .         Warding  .     (gloves unavailable)
rMut   .         NoTele   +     (boots unavailable)
MR     +....                    (no amulet)
Stlth  +++++++++.               (no ring)
                                (no ring)

@: very slightly contaminated, hasted, very quick, somewhat resistant to hostile
enchantments, incredibly stealthy
A: unfitting armour, see invisible, herbivore 3, speed 3, slow metabolism 2
a: Renounce Religion


You were in the Dungeon.
You worshipped Dithmenos.
Dithmenos was noncommittal.
You were not hungry.

You visited 1 branch You collected 108 gold pieces.

Inventory:

Hand Weapons
 a - a +2 dagger (weapon)
 b - a +0 blowgun
Missiles
 e - 8 poisoned needles
 f - 2 curare-tipped needles
Armour
 c - a +0 robe (worn)
 d - a +0 cloak (worn)
Scrolls
 m - a scroll of blinking
Potions
 h - a potion of curing
 i - a potion of heal wounds
 k - 2 potions of magic
 l - a potion of berserk rage
Comestibles
 g - a bread ration


   Skills:
 - Level 1.5 Fighting
 - Level 2.1 Short Blades
 - Level 2.0 Throwing
 - Level 1.5 Dodging
 + Level 20.5 Stealth


You had 5 spell levels left.
You didn't know any spells.

Dungeon Overview and Level Annotations

Branches:
Dungeon (1/1)

Altars:
Cheibriados
Dithmenos
Fedhas
Jiyva


Innate Abilities, Weirdness & Mutations

You are tiny and cannot use many weapons and most armour.
You have supernaturally acute eyesight.
You are a herbivore.
You cover ground extremely quickly.
You need consume almost no food.


Message History

The helpless giant eyeball fails to defend itself.
You spit the giant eyeball like a pig!!!!
You kill the giant eyeball!
Dithmenos accepts your kill.
The kobold demonologist shouts! x2
The kobold demonologist mumbles some strange words.
You open the door. 4 demonic crawlers come into view.
The ufetubus barely misses you. The ufetubus hits you.
The kobold demonologist gestures wildly while chanting.
The demonic crawler gives a hideous shriek! x2
Drink which item? (? for menu, Esc to quit)
You feel yourself speed up.
The demonic crawler gives a hideous shriek! x2
The sixfirhy barely misses you. The sixfirhy hits you! The sixfirhy shocks you!
The iron imp disappears for a moment.
The kobold demonologist hits you but does no damage.
The kobold demonologist barely misses you.
You are very lightly contaminated with residual magic.
Are you sure you want to abandon this character and quit the game? (Confirm with "yes".)

##################
.#.)'.$#__#$$'..5#
)'..#$.'..'..#54K##+#
+#####+#__####5K@sss#
#### #####s.+ ##


You could see 4 demonic crawlers, 2 kobold demonologists, a sixfirhy, an iron
imp, a quasit and an ufetubus.

Vanquished Creatures
  A slime creature (D)
  Sigmund (D)
  An ogre (D)
  Ijyb (D)
  A giant eyeball (D)
5 creatures vanquished.

Notes
Turn   | Place    | Note
--------------------------------------------------------------
     0 | D        | 1100001001 the Spriggan Assassin began the quest for the Orb.
     0 | D        | Reached XP level 1. HP: 10/10 MP: 2/2
     2 | D        | Noticed Ijyb
    26 | D        | Killed Ijyb
    26 | D        | Reached skill level 10 in Stealth
    26 | D        | Reached XP level 2. HP: 9/14 MP: 3/3
   136 | D        | Noticed an ogre
   138 | D        | Killed an ogre
   138 | D        | Reached skill level 14 in Stealth
   138 | D        | Reached XP level 3. HP: 18/18 MP: 4/4
   138 | D        | Reached XP level 4. HP: 22/22 MP: 5/5
   141 | D        | Noticed Sigmund
   143 | D        | Killed Sigmund
   143 | D        | Reached skill level 18 in Stealth
   143 | D        | Reached XP level 5. HP: 25/25 MP: 6/6
   143 | D        | Reached XP level 6. HP: 30/30 MP: 7/7
   151 | D        | Found a snail-covered altar of Cheibriados.
   151 | D        | Found a viscous altar of Jiyva.
   151 | D        | Found a shadowy altar of Dithmenos.
   151 | D        | Found a blossoming altar of Fedhas.
   151 | D        | Noticed a slime creature
   154 | D        | Killed a slime creature
   154 | D        | Reached skill level 20 in Stealth
   156 | D        | Became a worshipper of Dithmenos the Shadowed
   163 | D        | Noticed a kobold demonologist
   164 | D        | Noticed a kobold demonologist
   169 | D        | Noticed a demonic crawler
   169 | D        | Noticed a demonic crawler
   169 | D        | Noticed a demonic crawler
   169 | D        | Noticed a demonic crawler
   170 | D        | Noticed a sixfirhy
   171 | D        | Quit the game

Action                   |  1- 3 |  4- 6 || total
-------------------------+-------+-------++-------
Melee: Dagger            |    24 |     3 ||    27
  Use: Potion            |       |     1 ||     1
 Stab: Sleeping          |     1 |     3 ||     4
